 Dungeon Crawl Stone Soup version 0.29.1-15-g9cfb28693d (webtiles) character file.

Game seed: 1897801289382548586

112 FaviusArthum the Trooper (level 4, 0/28 HPs)
             Began as a Deep Elf Abyssal Knight on Dec 7, 2023.
             Was a Priest of Lugonu.
             Slain by an orc wizard
             ... wielding a +0 dagger
              (2 damage)
             ... on level 3 of the Dungeon.
             The game lasted 00:13:36 (3752 turns).

FaviusArthum the Trooper (Deep Elf Abyssal Knight)  Turns: 3752, Time: 00:13:36

Health: 0/28       AC:  3    Str: 12    XL:     4   Next: 64%
Magic:  5/8        EV: 12    Int: 15    God:    Lugonu [***...]
Gold:   110        SH:  0    Dex: 15    Spells: 3/6 levels left

rFire   + . .      SeeInvis .   e - +2 dagger (venom)
rCold   + . .      Faith    .   (no shield)
rNeg    . . .      Spirit   .   b - +0 leather armour
rPois   +          Reflect  .   (no helmet)
rElec   +          Harm     .   (no cloak)
rCorr   +          Rampage  .   (no gloves)
Will    .....                   (no boots)
Stlth   ++........              (no amulet)
HPRegen 0.09/turn               (no ring)
MPRegen 0.11/turn               (no ring)

@: brilliant, resistant, very slightly contaminated
A: no striking features
a: Renounce Religion, Depart the Abyss, Bend Space, Banish


You were on level 3 of the Dungeon.
You worshipped Lugonu.
Lugonu was most pleased with you.
You visited 1 branch of the dungeon, and saw 3 of its levels.
You visited the Abyss 1 time.

You collected 110 gold pieces.

Inventory:

Hand Weapons
 a - a +1 short sword
 e - a +2 dagger of venom (weapon)
Missiles
 g - 47 stones
Armour
 b - a +0 leather armour (worn)
 h - a +0 ring mail
Scrolls
 c - a scroll of butterflies
 i - a scroll of magic mapping {unknown}
 j - a scroll of vulnerability {unknown}
 k - a scroll of brand weapon {unknown}
Potions
 d - a potion of brilliance
 l - a potion of curing {unknown}


   Skills:
 * Level 3.1 Fighting
 + Level 2.2 Short Blades
 * Level 2.0 Armour
 + Level 2.7 Dodging
 + Level 1.0 Stealth
 * Level 1.5 Spellcasting
 * Level 1.0 Translocations
 + Level 2.2 Invocations


You had 3 spell levels left.
You knew the following spells:

 Your Spells              Type           Power      Damage    Failure   Level
a - Gell's Gravitas       Tloc           6%         N/A       50%         3

Your spell library contained the following spells:

 Spells                   Type           Power      Damage    Failure   Level
 Teleport Other           Tloc           6%         N/A       50%         3
 Dispersal                Tloc           3%         N/A       100%        6


Dungeon Overview and Level Annotations

Branches:
Dungeon (3/15)

Altars:


Message History

You miss the orc wizard.
The orc wizard points at you and mumbles some strange words.
The puff of flame hits you!
You barely miss the orc wizard.
The orc wizard hits you with a +0 dagger.
The orc wizard attacks as you move away!
The orc wizard hits you with a +0 dagger.
The orc wizard gestures wildly while chanting.
The orc wizard flickers and vanishes!
Deactivating autopickup; reactivate with Ctrl-A.
You're too confused to move!
You feel less confused.
An endoplasm is nearby!
An endoplasm is nearby!
The endoplasm quivers.
You hear some strange, mumbled words.
A puff of flame appears from out of thin air!
The puff of flame hits you!
* * * LOW HITPOINT WARNING * * *
Okay, then.
Casting: Gell's Gravitas (extremely dangerous; 50% risk of failure)
Confirm with . or Enter, or press ? or * to list all spells.
You don't know that spell.
Casting: Gell's Gravitas (extremely dangerous; 50% risk of failure)
Confirm with . or Enter, or press ? or * to list all spells.
The spell is extremely dangerous to miscast (50% risk of failure)!
Continue anyway?
Aiming: Gell's Gravitas (extremely dangerous; 50% risk of failure)
Press: ? - help, Dir - move target, f - endoplasm
Aim: an endoplasm You miscast Gell's Gravitas.
You are very lightly contaminated with residual magic.
Nothing appears to happen.
Something hits you but does no damage.
It was a potion of brilliance.
You feel clever all of a sudden. Something hits you but does no damage.
You feel protected. Something hits you but does no damage.
The endoplasm completely misses you. Something hits you.
You die...

.# ........
..#..........## .
..).
#............#
#.........[.# ###
#..........# ..#
#(#..###..# ..
#........###
#.##..#.......#
#.#J....#####.....
#.@{#.### .....
##.#..# ###o
#....... ......###
#........
......####.
...##.# ... .#


You could see an endoplasm.

Vanquished Creatures
  4 adders
  2 worms
  3 dart slugs
  4 ball pythons
  5 bats
  8 endoplasms
  A giant cockroach (D:1)
  6 goblins
  3 hobgoblins (D:1)
  5 jackals
  10 kobolds
  A frilled lizard (D:2)
  4 rats
56 creatures vanquished.

Notes
Turn   | Place    | Note
-------+----------+-------------------------------------------
     0 | Abyss:1  | FaviusArthum the Deep Elf Abyssal Knight began the quest
                  | for the Orb.
     0 | Abyss:1  | Reached XP level 1. HP: 13/13 MP: 4/4
     1 | D:1      | Escaped the Abyss
   525 | D:1      | Reached XP level 2. HP: 15/18 MP: 5/5
  1282 | D:1      | Reached skill level 1 in Armour
  1329 | D:1      | Reached skill level 3 in Fighting
  1329 | D:1      | Reached XP level 3. HP: 23/23 MP: 6/6
  1534 | D:1      | Found a faded altar of an unknown god.
  2059 | D:2      | Learned a level 3 spell: Gell's Gravitas
  2179 | D:2      | Reached *** piety under Lugonu
  2230 | D:2      | Reached skill level 1 in Spellcasting
  2592 | D:2      | Reached XP level 4. HP: 23/28 MP: 7/7
  3277 | D:2      | Reached skill level 1 in Stealth
  3587 | D:3      | Reached skill level 1 in Translocations
  3752 | D:3      | Slain by an orc wizard

Illustrated notes

Levels and vault maps discovered:
D:1:      sevenhm_arrival_forest_fort_small_3, layout_basic,
          shapermc_ecumenical_altar_mp_ritualfount
D:2:      layout_basic, reono_crystal_passage
D:3:      layout_rooms

Skill      XL: |  1  2  3  4 |
---------------+-------------+-----
Armour         | 1 2 |  2.0
Fighting       | 3 |  3.1
Spellcasting   | 1 |  1.5
Stealth        | 1 |  1.0
Translocations | 1 |  1.0
Short Blades   | |  2.2
Dodging        | |  2.7
Invocations    | |  2.2

Action                   |  1- 3 |  4- 6 || total
-------------------------+-------+-------++-------
Melee: Dagger            |   108 |    61 ||   169
       Short sword       |     7 |       ||     7
       Punch             |     3 |     2 ||     5
Throw: Stone             |     1 |       ||     1
 Cast: Gell's Gravitas   |       |     1 ||     1
  Use: Scroll            |     6 |       ||     6
       Potion            |     1 |     2 ||     3
 Stab: Distracted        |       |     1 ||     1
Armor: Leather armour    |    45 |     8 ||    53
Dodge: Dodged            |    94 |    41 ||   135
